 Dungeon Crawl Stone Soup version 0.28.0 (webtiles) character file.

Game seed: 5597478892806114628

196 SnakkuSnakku7 the Skirmisher (level 5, -1/33 HPs)
             Began as a Tengu Enchanter on Feb 5, 2022.
             Was a Believer of Nemelex Xobeh.
             Killed from afar by a steam dragon (11 damage)
             ... with a ball of steam
             ... on level 7 of the Dungeon.
             The game lasted 00:05:27 (3680 turns).

SnakkuSnakku7 the Skirmisher (Tengu Enchanter)      Turns: 3680, Time: 00:05:27

Health: -1/33      AC:  9    Str: 11    XL:     5   Next: 75%
Magic:  9/9        EV: 14    Int: 15    God:    Nemelex Xobeh [**....]
Gold:   25         SH:  0    Dex: 14    Spells: 8/8 levels left

rFire   . . .      SeeInvis .   a - +2 dagger
rCold   . . .      Faith    .   (no shield)
rNeg    . . .      Spirit   .   e - +0 scale mail
rPois   .          Reflect  .   (helmet restricted)
rElec   .          Harm     .   (no cloak)
rCorr   .          Rampage  .   q - +2 pair of gloves
Will    .....                   (boots unavailable)
Stlth   +.........              (no amulet)
HPRegen 0.11/turn               t - +4 ring of evasion
MPRegen 0.11/turn               (no ring)

@: flying quickly and evasively, quick
A: beak, talons 3, nimble flight
a: Renounce Religion, Draw Escape, Draw Destruction, Draw Summoning


You were on level 7 of the Dungeon.
You worshipped Nemelex Xobeh.
Nemelex Xobeh was pleased with you.
You visited 1 branch of the dungeon, and saw 5 of its levels.

You collected 190 gold pieces.
You spent 165 gold pieces at shops.

Inventory:

Hand Weapons
 a - a +2 dagger (weapon)
Armour
 b - a +0 robe
 e - a +0 scale mail (worn)
 q - a +2 pair of gloves (worn)
Jewellery
 t - a +4 ring of evasion (left hand)
 v - a ring of resist corrosion
Wands
 r - a wand of mindburst (6)
Scrolls
 d - 2 scrolls of teleportation
 h - a scroll of enchant weapon
 k - a scroll of noise {unknown}
 p - a scroll of enchant armour {unknown}
 s - a scroll of magic mapping
 w - a scroll of fog {unknown}
 x - a scroll of holy word {unknown}
Potions
 c - a potion of invisibility
 f - 2 potions of lignification {unknown}
 g - 3 potions of flight {unknown}
 i - 2 potions of attraction {unknown}
 l - a potion of curing
 m - a potion of brilliance
 n - a potion of might
 o - 2 potions of mutation {unknown}


   Skills:
 - Level 3.7 Fighting
 - Level 1.1 Short Blades
 - Level 2.1 Dodging
 - Level 3.0 Stealth
 - Level 2.0 Spellcasting
 - Level 2.1 Hexes
 + Level 3.1 Invocations


You had 8 spell levels left.
You didn't know any spells.
Your spell library contained the following spells:

 Spells                   Type           Power      Damage    Failure   Level
 Magic Dart               Conj           4%         1d3       80%         1
 Ensorcelled Hibernation  Hex/Ice        8%         N/A       80%         2
 Confusing Touch          Hex            8%         N/A       86%         3
 Tukima's Dance           Hex            8%         N/A       86%         3
 Searing Ray              Conj           2%         2d4       91%         2
 Dazzling Flash           Conj/Hex       8%         N/A       95%         3
 Fulminant Prism          Conj/Hex       2%         3d6       100%        4


Dungeon Overview and Level Annotations

Branches:
Dungeon (4/15)
 Temple: D:4-7

Altars:
Dithmenos
Nemelex Xobeh

Shops:
D:1 :[*[*


Innate Abilities, Weirdness & Mutations

You have a beak for a mouth.
You have claws for feet.
Your magical nature lets you fly swiftly and evasively.


Message History

Your centaur warrior misses the steam dragon.
Your centaur warrior kicks the steam dragon but does no damage.
The steam dragon breathes steam at you.
The ball of steam hits your centaur warrior!!
The ball of steam hits your centaur warrior! x2
The ball of steam hits you.
You are engulfed in a cloud of scalding steam.
Your centaur warrior is engulfed in a cloud of scalding steam.
Unknown command.
You are engulfed in a cloud of scalding steam.
Your centaur warrior is engulfed in a cloud of scalding steam. x2
Found a glowing malachite amulet.
Your centaur warrior is engulfed in a cloud of scalding steam. x2
Your centaur warrior is engulfed in a cloud of scalding steam. x2
The steam dragon breathes steam at you.
The ball of steam hits your centaur warrior!!
Your centaur warrior dies!
Your centaur warrior's corpse disappears in a puff of smoke!
The ball of steam hits your centaur warrior.
The ball of steam hits you!
* * * LOW HITPOINT WARNING * * *
You hear a bark!
A hound comes into view.
The hound barks!
Your centaur warrior is engulfed in a cloud of scalding steam. x2
Found a stone staircase leading down.
Your centaur warrior is engulfed in a cloud of scalding steam.
Found 13 gold pieces.
Your centaur warrior is engulfed in a cloud of scalding steam.
Your centaur warrior dies!
Your centaur warrior's corpse disappears in a puff of smoke!
You hit the hound.
The hound is lightly wounded.
The hound pauses to sniff the ground.
The hound barely misses you. The hound bites you but does no damage.
You draw a card...
You have drawn the Pentagram.
The steam dragon breathes steam at you. The ball of steam hits you!
You die...
Your body glows slightly and disappears.

.# ..# ###
..#..
#.##..#..
#R.......
#..3....$
#+++###@h#.#
#......§...#
.>#####§.###
#.#####§.#
#........#
#######..#
"######..D..#
........§..##
######§####


You could see a hound (ally target), a friendly rakshasa (summoned) and a
friendly sixfirhy (summoned).

Vanquished Creatures
  An orc priest (D:3)
  2 orc wizards (D:3)
  4 adders
  A dart slug (D:2)
  13 orcs
  8 ball pythons
  4 bats
  4 endoplasms
  3 giant cockroaches
  5 goblins
  4 hobgoblins
  5 kobolds
  4 quokkas
  5 frilled lizards
  4 rats
67 creatures vanquished.

Vanquished Creatures (others)
  2 fungi (D:2)
2 creatures vanquished.

Grand Total: 69 creatures vanquished

Notes
Turn   | Place    | Note
-------+----------+-------------------------------------------
     0 | D:1      | SnakkuSnakku7 the Tengu Enchanter began the quest for the
                  | Orb.
     0 | D:1      | Reached XP level 1. HP: 10/10 MP: 4/4
     1 | D:1      | Found Syg Buka's Assorted Antiques.
    87 | D:1      | Found Eneinosch's Armour Shop.
    93 | D:1      | Reached skill level 1 in Fighting
   152 | D:1      | Found Nereomn's Assorted Antiques.
   170 | D:1      | Reached XP level 2. HP: 13/16 MP: 6/6
   222 | D:1      | Found Goposeys's Armour Shop.
   281 | D:1      | Found Xuscheg's Book Emporium.
  1108 | D:2      | Reached XP level 3. HP: 5/22 MP: 7/7
  1143 | D:1      | Bought a bubbling coppery potion for 20 gold pieces
  1143 | D:1      | Bought a glowing coppery potion for 20 gold pieces
  1508 | D:2      | Found a shadowy altar of Dithmenos.
  1843 | D:2      | Reached XP level 4. HP: 26/28 MP: 8/8
  2065 | D:2      | Found a faded altar of an unknown god.
  2071 | D:2      | Prayed at the altar of an unknown god.
  2071 | D:2      | Became a worshipper of Nemelex Xobeh the Trickster
  2071 | D:2      | Reached * piety under Nemelex Xobeh
  2111 | D:3      | Received a gift from Nemelex Xobeh
  2394 | D:3      | Reached ** piety under Nemelex Xobeh
  2409 | D:3      | Received a gift from Nemelex Xobeh
  2414 | D:3      | Reached skill level 1 in Invocations
  2585 | D:3      | Gained mutation: Your magical nature lets you fly swiftly
                  | and evasively. [Tengu growth]
  2585 | D:3      | Reached XP level 5. HP: 33/33 MP: 9/9
  3471 | D:1      | Bought a scroll labelled LYONER RETYPT for 28 gold pieces
  3471 | D:1      | Bought a scroll labelled HIHAIB QIOWKY for 28 gold pieces
  3471 | D:1      | Bought a scroll labelled LEPNITI TAWOI for 28 gold pieces
  3505 | D:1      | Bought 2 bubbling green potions for 41 gold pieces
  3662 | D:4      | You are sucked into a shaft and drop 3 floors!
  3662 | D:7      | Noticed a steam dragon
  3665 | D:7      | Noticed a sky beast
  3680 | D:7      | Killed from afar by a steam dragon

Illustrated notes

Levels and vault maps discovered:
D:1:      onia_arrival_handbag, layout_basic, serial_shops,
          nicolae_shop_hallway_plus, nicolae_lakefront_shop, nicolae_shop_trees,
          nicolae_shop_crystal, shop
D:2:      layout_basic, shapermc_ecumenical_altar_petra, basic_altar
D:3:      layout_basic
D:4:      layout_gridville, mainiacjoe_overflow_chevrons,
          nicolae_ossuary_entry_ruins, serial_shops, shop_statue,
          kennysheep_mini_moat, grunt_ministairs_12, uniq_grinder,
          uniq_blork_the_orc
D:7:      layout_loops_ring, minmay_temple_entry_drinking_statues,
          hangedman_decor_riveting, kennysheep_windowed_goal

Skill      XL: |  1  2  3  4  5 |
---------------+----------------+-----
Fighting       | 1 2 3 |  3.7
Invocations    | 1 3 |  3.1
Short Blades   | |  1.1
Dodging        | |  2.1
Stealth        | |  3.0
Spellcasting   | |  2.0
Hexes          | |  2.1

Action                   |  1- 3 |  4- 6 || total
-------------------------+-------+-------++-------
Melee: Dagger            |    92 |   112 ||   204
       Kick              |    25 |    31 ||    56
       Peck              |     7 |    15 ||    22
       Punch             |     1 |     3 ||     4
Invok: Draw Destruction  |       |     2 ||     2
       Draw Summoning    |       |     2 ||     2
  Use: Scroll            |       |     7 ||     7
 Stab: Sleeping          |     1 |       ||     1
Armor: Scale mail        |    42 |    39 ||    81
Dodge: Dodged            |    28 |    68 ||    96
